 Dungeon Crawl Stone Soup version 0.29-a0-824-gd827844252 (webtiles) character file.

Game seed: 5354251578883674649

304 buhh the Insei (level 6, 0/42 HPs)
             Began as an Octopode Transmuter on July 9, 2022.
             Slain by an adder (4 damage)
             ... on level 5 of the Dungeon.
             The game lasted 00:03:05 (4823 turns).

buhh the Insei (Octopode Transmuter)                Turns: 4823, Time: 00:03:06

Health: 0/42       AC:  1    Str:  9    XL:     6   Next: 38%
Magic:  9/9        EV: 13    Int: 18    God:
Gold:   190        SH:  7    Dex: 12    Spells: 3/9 levels left

rFire   . . .      SeeInvis .     - Unarmed
rCold   . . .      Faith    .   d - +3 buckler
rNeg    . . .      Spirit   .   (helmet currently unavailable)
rPois   .          Reflect  .   (no amulet)
rElec   .          Harm     .   (no ring)
rCorr   .          Rampage  .   (no ring)
Will    .....                   (no ring)
Stlth   +++.......              (no ring)
HPRegen 0.14/turn               (no ring)
MPRegen 0.11/turn               (no ring)
                                (no ring)
                                (no ring)

@: appendages (expiring)
A: tentacle spike 3, almost no armour, amphibious, 8 rings, camouflage 1,
gelatinous body 1, (nimble swimmer 1), tentacles
a: End Transformation


You were on level 5 of the Dungeon.
One of your tentacles had grown a beastly spike.
You visited 1 branch of the dungeon, and saw 5 of its levels.

You collected 190 gold pieces.

Inventory:

Armour
 d - a +3 buckler (worn)
Jewellery
 n - a ring of ice
Scrolls
 a - a scroll of immolation {unknown}
 b - a scroll of teleportation {!d}
 c - a scroll of magic mapping {unknown}
 f - a scroll of identify {!d}
Potions
 e - a potion of berserk rage {unknown}
 h - 3 potions of heal wounds {unknown}
 j - 2 potions of curing {unknown}
 k - 2 potions of attraction {unknown}
 m - a potion of mutation {unknown}
 o - a potion of ambrosia {unknown}
 p - a potion of brilliance {unknown}


   Skills:
 + Level 3.1 Fighting
 + Level 3.7 Dodging
 - Level 2.0 Stealth
 * Level 1.7 Shields
 + Level 4.3 Unarmed Combat
 - Level 2.0 Spellcasting
 - Level 2.0 Transmutations
 - Level 1.0 Poison Magic


You had 3 spell levels left.
You knew the following spells:

 Your Spells              Type           Power      Damage    Failure   Level
a - Beastly Appendage     Tmut           18%        N/A       11%         1
b - Wereblood             Tmut           9%         N/A       16%         2
c - Spider Form           Tmut/Pois      7%         N/A       36%         3

Your spell library contained the following spells:

 Spells                   Type           Power      Damage    Failure   Level
 Freeze                   Ice            4%         1d3       24%         1
 Dazzling Flash           Conj/Hex       2%         N/A       56%         3
 Frozen Ramparts          Ice            2%         1d2       56%         3
 Ice Form                 Ice/Tmut       5%         N/A       83%         4
 Hailstorm                Conj/Ice       1%         3d3       93%         4
 Blade Hands              Tmut           4%         N/A       96%         5
 Agony                    Necr           1%         N/A       100%        5
 Silence                  Hex/Air        0%         N/A       100%        5
 Iron Shot                Conj/Erth      0%         9d1       100%        6
 Animate Armour           Summ/Erth      Unusable   N/A       N/A         4

Dungeon Overview and Level Annotations

Branches:
Dungeon (5/15) Zot: 25176
 Temple: D:4-7

Altars:
Uskayaw
Zin


Innate Abilities, Weirdness & Mutations

One of your tentacles has grown a beastly spike.
You cannot wear most types of armour.
You are amphibious.
You can wear up to eight rings at the same time.
Your skin changes colour to match your surroundings (Stealth+).
Your rubbery body absorbs attacks. (AC +1, EV +1)
((You are camouflaged when in or above water. (Stealth+)))
You have tentacles for arms and can constrict up to eight enemies at once.


Message History

You are too injured to fight recklessly!
You are too injured to fight recklessly!
You are too injured to fight recklessly!
You are too injured to fight recklessly!
You are too injured to fight recklessly!
You are too injured to fight recklessly!
You are too injured to fight recklessly!
You are too injured to fight recklessly!
You are too injured to fight recklessly!
You are too injured to fight recklessly!
You are too injured to fight recklessly!
You are too injured to fight recklessly!
You are too injured to fight recklessly!
You are too injured to fight recklessly!
You are too injured to fight recklessly!
You release your grip on the iguana.
You block the adder's attack. The hound misses you.
Really read the scroll of poison?
The air fills with toxic fumes!
As you read the scroll of poison, it crumbles to dust.
You block the hound's attack.
You barely miss the hound. You grab the hound.
You pierce the hound, but do no damage.
Your squeeze misses the hound. You constrict the hound.
You block the hound's attack. The hound bites you.
* * * LOW HITPOINT WARNING * * *
You tentacle-slap the hound.
You squeeze the hound, but do no damage.
The hound is heavily wounded.
You constrict the hound. The hound bites you.
* * * LOW HITPOINT WARNING * * *
You tentacle-slap the hound.
You pierce the hound.
The hound is almost dead.
Your transformation is almost over.
You constrict the hound. The hound barely misses you.
You tentacle-slap the hound.
You kill the hound!
The adder bites you.
* * * LOW HITPOINT WARNING * * *
You closely miss the adder. Your grab misses the adder. The adder bites you.
You die...

### ..#..#.# ... #§.§§§§#
# #.# #§§§§§§##.# #.#
#§§§§§§§. .. #.#
###§☼#§§§##..#
#.#####..##...§§§§§....
.<..............l§.#
#..............#S###
########.##.##.#@#
########.##.##.#§#
...............#§####
...#..##.......☼§§..#
##.##..####.#..§§§..####.#
#.##...###.#.§§§§§....>.#
#.###...##.#.§§§§§.######
#.# #....#.#§§§§§§§# ...
##.....#.......#


You could see an iguana and an adder.

Vanquished Creatures
  A black bear (D:4)
  A howler monkey (D:4)
  2 hounds (D:5)
  An iguana (D:5)
  A gnoll (D:1)
  An adder (D:4)
  3 dart slugs
  4 orcs
  3 endoplasms
  3 giant cockroaches
  3 goblins
  5 hobgoblins
  4 jackals
  6 kobolds
  5 quokkas
  4 ball pythons
  3 bats
  2 frilled lizards
  9 rats
61 creatures vanquished.

Notes
Turn   | Place    | Note
-------+----------+-------------------------------------------
     0 | D:1      | buhh the Octopode Transmuter began the quest for the Orb.
     0 | D:1      | Reached XP level 1. HP: 13/13 MP: 3/3
    19 | D:1      | Reached XP level 2. HP: 16/18 MP: 3/5
   419 | D:1      | Reached XP level 3. HP: 19/23 MP: 6/6
  1509 | D:2      | Found a hide-covered altar of Uskayaw.
  1754 | D:2      | Learned a level 2 spell: Wereblood
  1758 | D:2      | Learned a level 3 spell: Spider Form
  2325 | D:3      | Found a faded altar of an unknown god.
  2331 | D:3      | Found a glowing silver altar of Zin.
  2342 | D:3      | Reached XP level 4. HP: 29/29 MP: 5/7
  3229 | D:4      | Identified the +1 leather armour of the Lime {rElec rC-
                  | Regen+}
  3464 | D:4      | Noticed a black bear
  4169 | D:4      | Killed a black bear
  4170 | D:4      | Reached skill level 4 in Unarmed Combat
  4170 | D:4      | Reached XP level 5. HP: 13/35 MP: 5/8
  4634 | D:5      | Entered Level 5 of the Dungeon
  4663 | D:5      | Reached XP level 6. HP: 36/42 MP: 9/9
  4823 | D:5      | Slain by an adder

Illustrated notes

Levels and vault maps discovered:
D:1:      dpeg_arrival_tiny_a, layout_loops_cross
D:2:      layout_basic, basic_altar
D:3:      layout_basic, zin_statuary, basic_ecumenical_altar
D:4:      layout_loops_ring, amcnicky_mini_rare_corridor_liquid
D:5:      layout_loops_ring, amcnicky_altar_gilded, chequers_avenue,
          nrook_mini_backslash, hangedman_abyss_or_decor_stabs,
          kennysheep_potato, uniq_pikel

Skill      XL: |  1  2  3  4  5 |
---------------+----------------+-----
Stealth        | 1 2 |  2.0
Poison Magic   | 1 |  1.0
Shields        | 1 |  1.7
Fighting       | 2 3 |  3.1
Dodging        | 3 |  3.7
Unarmed Combat | 4 |  4.3
Spellcasting   | |  2.0
Transmutations | |  2.0

Action                   |  1- 3 |  4- 6 || total
-------------------------+-------+-------++-------
Melee: Unarmed           |    79 |    79 ||   158
       Kick              |    17 |    19 ||    36
       Constrict         |    16 |    17 ||    33
       Tentacles         |    13 |    17 ||    30
       Punch             |     4 |     3 ||     7
 Cast: Beastly Appendage |    28 |    17 ||    45
       Spider Form       |       |     1 ||     1
  Use: Potion            |     1 |       ||     1
       Scroll            |       |    11 ||    11
 Stab: Sleeping          |    14 |     5 ||    19
Armor: Skin              |     6 |     7 ||    13
Dodge: Dodged            |    32 |    44 ||    76
Block: Buckler           |     3 |    33 ||    36

Table legend: (Time is in decaauts)
 A = Elapsed time spent in this place.
 B = Non-inter-level travel time spent in this place.
 C = Inter-level travel time spent in this place.
 D = Time resting spent in this place.
 E = Time spent auto-exploring this place.
 F = Levels seen in this place.
 G = Mean time per level.
                   A        B        C        D        E       F      G
               +--------+--------+--------+--------+--------+-----+--------+
         Total |   4822 |   4679 |    143 |    744 |   3396 |   5 |  964.4 |
       Dungeon |   4822 |   4679 |    143 |    744 |   3396 |   5 |  964.4 |
               +--------+--------+--------+--------+--------+-----+--------+

Top non-repeatable levels by time:
     D:3: 1732 daAuts
     D:2: 1085 daAuts
     D:1: 974 daAuts
     D:4: 843 daAuts
     D:5: 187 daAuts
